 Dungeon Crawl Stone Soup version 0.29.1-4-g47bece8355 (webtiles) character file.

Game seed: 9474604177223684579

59067 DildoBatman the Geomancer (level 15, 0/115 (117) HPs)
             Began as a Formicid Conjurer on Dec 11, 2022.
             Was an Initiate of Gozag.
             Killed by the malice of Kikubaaqudgha (28 damage)
             ... on level 4 of the Lair of Beasts.
             The game lasted 01:24:16 (22324 turns).

DildoBatman the Geomancer (Formicid Conjurer)      Turns: 22324, Time: 01:24:16

HP:   0/115 (117)   AC: 15    Str: 15    XL:     15   Next: 32%
MP:   1/29          EV: 16    Int: 31    God:    Gozag
Gold: 2905          SH: 12    Dex: 18    Spells: 14/34 levels left

rFire   . . .      SeeInvis +   a - +8 spear of the Mauling Fox {holy, Str+3}
rCold   . . .      Faith    .   O - +0 kite shield
rNeg    . . .      Spirit   .   j - +2 troll leather armour
rPois   .          Reflect  .   (helmet unavailable)
rElec   .          Harm     .   H - +1 cloak
rCorr   .          Rampage  .   G - +0 pair of gloves
Will    ++...                   x - +0 pair of boots
Stlth   ++........              g - amulet of the acrobat
HPRegen 1.09/turn               A - +6 ring of intelligence
MPRegen 0.21/turn               p - +6 ring of dexterity

@: gold aura, lightly drained
A: permanent stasis, dig shafts and tunnels, antennae 3, four strong arms,
hooves 1, iridescent scales 1, strong-willed 1
a: Dig, Shaft Self, Renounce Religion, Potion Petition, Call Merchant, Bribe
Branch


You were on level 4 of the Lair of Beasts.
You worshipped Gozag.
Gozag was most pleased with you.
You visited 4 branches of the dungeon, and saw 20 of its levels.

You collected 3613 gold pieces.
You spent 140 gold pieces at shops.
You paid 568 gold pieces to Gozag.

Inventory:

Hand Weapons
 a - the +8 spear of the Mauling Fox (weapon) {holy, Str+3}
   (You took it off an orc warrior on level 10 of the Dungeon)

   It has been blessed by the Shining One to cause great damage to the undead
   and demons.
   Str:       It affects your strength (+3).
 b - a +2 longbow of flaming
 d - a +3 scimitar of flaming
Missiles
 h - 2 datura-tipped darts
 w - 6 javelins
 B - 6 silver javelins
 E - 3 curare-tipped darts
 J - 24 poisoned darts
Armour
 j - a +2 troll leather armour (worn)
 x - a +0 pair of boots (worn)
 G - a +0 pair of gloves (worn)
 H - a +1 cloak (worn)
 O - a +0 kite shield (worn)
Magical Staves
 q - a staff of fire
 X - a staff of cold
Jewellery
 e - a ring of ice
 g - an amulet of the acrobat (around neck)
 k - a ring of poison resistance
 p - a +6 ring of dexterity (right hand)
 t - a ring of wizardry
 A - a +6 ring of intelligence (left hand)
Wands
 l - a wand of paralysis (24)
 s - a wand of mindburst (8)
 P - a wand of digging (4)
 W - a wand of iceblast (5)
 Z - a wand of light (5)
Scrolls
 i - a scroll of brand weapon {unknown}
 r - 2 scrolls of poison {unknown}
 v - 2 scrolls of fog
 z - 7 scrolls of identify
 C - 3 scrolls of magic mapping
 D - a scroll of amnesia {unknown}
 R - 2 scrolls of enchant weapon {unknown}
 S - 4 scrolls of immolation
 V - 2 scrolls of fear {unknown}
Potions
 c - a potion of resistance
 f - a potion of haste {unknown}
 m - 4 potions of magic
 n - 2 potions of invisibility {unknown}
 o - 3 potions of heal wounds
 u - 5 potions of brilliance {unknown}
 F - 2 potions of ambrosia {unknown}
 I - 2 potions of mutation
 L - a potion of curing {unknown}
 M - 2 potions of berserk rage {unknown}
 U - a potion of might
Miscellaneous
 y - a condenser vane


   Skills:
 * Level 10.9 Fighting
 * Level 10.9 Armour
 * Level 8.6 Dodging
 - Level 2.4 Stealth
 - Level 9.0 Shields
 * Level 10.0 Spellcasting
 - Level 6.0 Conjurations
 - Level 12.0 Necromancy
 - Level 12.0 Earth Magic


You had 14 spell levels left.
You knew the following spells:

 Your Spells              Type           Power      Damage    Failure   Level
a - Borgnjor's Vile Clut  Necr/Erth      37%        N/A       1%          5
b - Stone Arrow           Conj/Erth      100%       3d13      1%          3
c - Searing Ray           Conj           100%       2d8       1%          2
d - Vampiric Draining     Necr           74%        2d11      1%          3
e - Magic Dart            Conj           100%       1d8       1%          1
h - Dispel Undead         Necr           74%        3d25      1%          4
z - Sublimation of Blood  Necr           74%        N/A       1%          2

Your spell library contained the following spells:

 Spells                   Type           Power      Damage    Failure   Level
 Necrotise                Necr           100%       1d9       1%          1
 Sandblast                Erth           100%       2d20      1%          1
 Passwall                 Tmut/Erth      42%        N/A       1%          2
 Agony                    Necr           74%        N/A       1%          5
 Conjure Flame            Conj/Fire      34%        6-21      6%          3
 Dazzling Flash           Conj/Hex       68%        N/A       6%          3
 Anguish                  Hex/Necr       25%        N/A       6%          4
 Petrify                  Tmut/Erth      51%        N/A       6%          4
 Apportation              Tloc           30%        N/A       8%          1
 Slow                     Hex            60%        N/A       8%          1
 Summon Small Mammal      Summ           60%        N/A       8%          1
 Death Channel            Necr           37%        N/A       9%          6
 Iskenderun's Battlesphe  Conj           51%        2d10      17%         5
 Confusing Touch          Hex            15%        N/A       22%         3
 Ignite Poison            Fire/Tmut/Pois 15%        N/A       22%         3
 Inner Flame              Hex/Fire       15%        N/A       22%         3
 Ozocubu's Armour         Ice            15%        N/A       22%         3
 Fulminant Prism          Conj/Hex       17%        3d11      22%         4
 Iskenderun's Mystic Bla  Conj/Tloc      34%        2d8       22%         4
 Sticky Flame             Conj/Fire      34%        2d5       22%         4
 Iron Shot                Conj/Erth      31%        9d6       28%         6
 Irradiate                Conj/Tmut      17%        3d17      52%         5
 Cause Fear               Hex            7%         N/A       58%         4
 Manifold Assault         Tloc           15%        N/A       90%         5
 Metabolic Englaciation   Hex/Ice        7%         N/A       90%         5
 Silence                  Hex/Air        7%         N/A       90%         5
 Borgnjor's Revivificati  Necr           37%        N/A       98%         8
 Infestation              Necr           37%        N/A       98%         8
 Haunt                    Necr/Summ      25%        N/A       99%         7
 Spellforged Servitor     Conj/Summ      17%        N/A       100%        7
 Storm Form               Tmut/Air       7%         N/A       100%        7
 Discord                  Hex            7%         N/A       100%        8
 Necromutation            Tmut/Necr      25%        N/A       100%        8
 Death's Door             Necr           37%        N/A       100%        9
 Animate Dead             Necr           Unusable   N/A       N/A         4
 Blink                    Tloc           Unusable   N/A       N/A         2
 Corpse Rot               Necr/Pois/Air  Unusable   N/A       N/A         4
 Simulacrum               Ice/Necr       Unusable   N/A       N/A         6

Dungeon Overview and Level Annotations

Branches:
Dungeon (12/15)            Temple (1/1) D:4            Lair (5/5) D:8
 Shoals (0/4) Lair:2        Snake (0/4) Lair:2        Slime (0/5) Lair:4
    Orc (2/2) D:10            Elf (0/3) Orc:2

Altars:
Ashenzari
Cheibriados
Dithmenos
Elyvilon
Fedhas
Gozag
Hepliaklqana
Kikubaaqudgha
Makhleb
Nemelex Xobeh
Okawaru
Qazlal
Ru
Sif Muna
Trog
Uskayaw
Vehumet
Wu Jian
Xom
Yredelemnul
Zin
The Shining One
Lugonu

Shops:
D:6 *=   D:7 [   Orc:2 :***


Innate Abilities, Weirdness & Mutations

You cannot be hasted, slowed, berserked, paralysed or teleported.
You can dig through walls and to a lower floor.
You have a pair of large antennae on your head. (SInv)
Your four strong arms can wield two-handed weapons with a shield.
You have large cloven feet.
You are partially covered in iridescent scales. (AC +2)
You are strong-willed. (Will+)


Message History

The zombie hands constrict the komodo dragon.
You feel sick.
Casting: Borgnjor's Vile Clutch (dangerous; 1% risk of failure)
Confirm with . or Enter, or press ? or * to list all spells.
Aiming: Borgnjor's Vile Clutch (dangerous; 1% risk of failure)
Press: ? - help, Shift-Dir - straight line, f - yak, p - komodo dragon
Aim: a yak (100% to hit)
Kikubaaqudgha does not allow the disloyal to dabble in death!
You feel horribly lethargic.
You feel drained.
Zombie hands grab the yak.
The zombie hands constrict the yak.
The zombie hands constrict the komodo dragon!
You feel sick. The yak barely misses you.
The zombie hands constrict the yak!
The zombie hands constrict the komodo dragon!
You feel sick.
The zombie hands release their grip on the komodo dragon.
The yak struggles to escape constriction.
The zombie hands constrict the yak!
You feel sick.
The komodo dragon is no longer distracted by gold.
The yak struggles to escape constriction.
Casting: Borgnjor's Vile Clutch (dangerous; 1% risk of failure)
Confirm with . or Enter, or press ? or * to list all spells.
Aiming: Borgnjor's Vile Clutch (dangerous; 1% risk of failure)
Press: ? - help, Shift-Dir - straight line, f - komodo dragon, p - yak
Aim: a komodo dragon (severely wounded, 100% to hit)
Zombie hands grab the komodo dragon.
The zombie hands constrict the yak!
You kill the yak!
The zombie hands constrict the komodo dragon!
You feel sick.
You are no longer poisoned.
The komodo dragon struggles to escape constriction.
You hear Kikubaaqudgha cackling.
Pain shoots through your body!!
You die...
Your body crumbles into a pile of gold.

.....#.....#.#..........#.PP#
....#....#####......#.......#
........## ###.............######
...#.....###.#..............##...
.####....#.##....<.........#.##..
..##..........................#..
.........................#.......
.................................
................@...............#
.............................^...
.................................
.............l$..................
............>$...................
........../..$...................
...........##...................#
#...#..PP.###............#.##.##.
#.#..###### ##...........###.####


You could see a komodo dragon (clutched).

Vanquished Creatures
  Nessos (D:12)
  The ghost of Destapler the Cleaver, a journeyman MiBe of Trog (Orc:1)
  3 hydras
  A boulder beetle (Orc:1)
  Erica (D:8)
  2 two-headed ogres
  4 orc high priests (Orc:2)
  3 death yaks
  Nergalle (D:10)
  A spriggan (Lair:3)
  2 deep elf knights (D:12)
  Amaemon (Lair:2)
  4 orc knights (Orc:2)
  2 deep elf pyromancers (D:12)
  An oklob plant (Lair:4)
  2 lindwurms (Lair:4)
  2 ugly things (D:12)
  3 manticores (D:12)
  6 orc sorcerers
  2 cyclopes
  3 black mambas
  8 elephants
  A merfolk siren (Lair:2)
  Joseph (D:6)
  A torpor snail (Lair:1)
  A gargoyle (D:10)
  An orange demon (Lair:2)
  11 cane toads
  2 rime drakes
  Psyche (D:8)
  6 komodo dragons
  A yaktaur (D:12)
  An unseen horror (D:11)
  2 kobold demonologists
  An efreet (D:12)
  3 merfolk (Lair:2)
  7 trolls
  A polar bear (Lair:1)
  A hornet (Lair:3)
  9 slime creatures
  6 blink frogs
  A dream sheep (Lair:5)
  A wyvern (Lair:4)
  A wraith (D:11)
  2 shadows (D:12)
  34 yaks
  A steam dragon (D:10)
  4 basilisks
  Menkaure (D:7)
  3 wargs
  2 vampire mosquitoes (D:8)
  4 nagas (Lair:2)
  20 water moccasins
  A spectral troll (Orc:1)
  A swamp drake (D:10)
  26 orc warriors
  2 ice beasts
  A sky beast (D:6)
  13 centaurs
  4 ogres
  32 wolves
  3 black bears
  A phantom (D:7)
  5 kobold brigands
  3 bullfrogs
  A gnoll sergeant (D:8)
  A scorpion (D:4)
  20 wights
  3 killer bees
  An electric eel (D:7)
  8 howler monkeys
  2 lava snakes (D:9)
  Crazy Yiuf (D:7)
  5 hounds
  4 jellies
  23 orc priests
  An iguana (D:7)
  A warg simulacrum (Orc:1)
  A spectral orc (Orc:1)
  24 orc wizards
  7 hell rats
  Robin (D:2)
  7 gnolls
  8 adders
  2 ogre simulacra (Orc:1)
  A shadow imp (D:6)
  A white imp (D:8)
  4 ufetubi
  2 orc simulacra (Orc:1)
  6 worms
  4 dart slugs
  105 orcs
  6 bats
  5 endoplasms
  5 giant cockroaches
  16 goblins
  3 hobgoblins (D:2)
  2 jackals (D:4)
  5 quokkas
  10 ball pythons
  3 frilled lizards
  21 kobolds
  8 rats
605 creatures vanquished.

Vanquished Creatures (others)
  An unseen horror (D:12)
  12 fungi
  22 plants
35 creatures vanquished.

Grand Total: 640 creatures vanquished

Notes
Turn   | Place    | Note
-------+----------+-------------------------------------------
     0 | D:1      | DildoBatman the Formicid Conjurer began the quest for the
                  | Orb.
     0 | D:1      | Reached XP level 1. HP: 13/13 MP: 3/3
   243 | D:1      | Reached XP level 2. HP: 18/20 MP: 3/5
   246 | D:1      | Learned a level 2 spell: Searing Ray
   445 | D:1      | Reached skill level 1 in Fighting
   445 | D:1      | Reached skill level 1 in Armour
   445 | D:1      | Reached XP level 3. HP: 26/26 MP: 1/6
   917 | D:2      | Reached XP level 4. HP: 29/32 MP: 4/8
   962 | D:2      | Noticed Robin
   968 | D:2      | Killed Robin
  1635 | D:3      | Reached XP level 5. HP: 38/38 MP: 9/9
  1670 | D:3      | Found a faded altar of an unknown god.
  1925 | D:3      | Found a radiant altar of Vehumet.
  2836 | D:4      | Reached XP level 6. HP: 41/46 MP: 1/11
  2842 | D:4      | Found a staircase to the Ecumenical Temple.
  2867 | Temple   | Entered the Ecumenical Temple
  2964 | D:4      | Noticed a water moccasin
  2972 | D:4      | Killed a water moccasin
  3044 | D:4      | Found a glowing silver altar of Zin.
  3180 | D:4      | Reached skill level 5 in Conjurations
  3180 | D:4      | Reached XP level 7. HP: 45/52 MP: 7/13
  3199 | D:4      | Found a shadowy altar of Dithmenos.
  3200 | D:4      | Found a blossoming altar of Fedhas.
  3201 | D:4      | Found an ornate altar of the Wu Jian Council.
  3202 | D:4      | Found an opulent altar of Gozag.
  3202 | D:4      | Found a hazy altar of Hepliaklqana.
  3660 | D:4      | Found a sparkling altar of Nemelex Xobeh.
  3741 | D:5      | Entered Level 5 of the Dungeon
  3843 | D:5      | Noticed a kobold demonologist
  3952 | D:5      | Reached skill level 5 in Spellcasting
  4017 | D:5      | Reached XP level 8. HP: 56/58 MP: 6/15
  4077 | D:5      | Found a shimmering blue altar of Sif Muna.
  4125 | D:5      | Learned a level 3 spell: Stone Arrow
  4158 | D:5      | Found a bloodstained altar of Trog.
  4173 | D:5      | Reached skill level 1 in Earth Magic
  4535 | D:5      | Found a stormy altar of Qazlal.
  5090 | D:6      | Found a shimmering altar of Xom.
  5110 | D:6      | Found Canuwa's Jewellery Boutique.
  5225 | D:6      | Learned a level 2 spell: Sublimation of Blood
  5251 | D:6      | Reached XP level 9. HP: 65/65 MP: 9/18
  5813 | D:7      | Noticed Joseph
  6059 | D:7      | Noticed Menkaure
  6342 | D:6      | Reached skill level 5 in Fighting
  6342 | D:6      | Reached skill level 5 in Armour
  6342 | D:6      | Reached skill level 5 in Earth Magic
  6437 | D:6      | Found Redeocol's Serpentskin Sales.
  6540 | D:6      | You fall into a shaft and drop 2 floors!
  7000 | D:7      | Found a runed translucent door.
  7056 | D:7      | You fall into a shaft and drop 1 floor!
  7339 | D:8      | Noticed Erica
  7361 | D:8      | Reached skill level 1 in Shields
  7692 | D:8      | Noticed a death yak
  7757 | D:7      | You fall into a shaft and drop 3 floors!
  7757 | D:10     | Entered Level 10 of the Dungeon
  8015 | D:9      | Reached skill level 5 in Shields
  8132 | D:9      | Reached XP level 10. HP: 49/74 MP: 13/20
  8344 | D:9      | Found an ancient bone altar of Kikubaaqudgha.
  8350 | D:9      | Became a worshipper of Kikubaaqudgha
  8438 | D:9      | Found a broken altar of Ashenzari.
  8524 | D:9      | Found an iron altar of Okawaru.
  9164 | D:8      | Found a staircase to the Lair.
  9173 | D:8      | Noticed a death yak
  9175 | D:8      | Noticed a death yak
  9238 | D:8      | Reached * piety under Kikubaaqudgha
  9238 | D:8      | Received a gift from Kikubaaqudgha
  9674 | D:8      | Killed a death yak
  9980 | D:7      | Noticed Crazy Yiuf
 10113 | D:7      | Killed Menkaure
 10114 | D:7      | Reached XP level 11. HP: 66/81 MP: 17/21
 10120 | D:7      | Found Hatt's Antique Armour Emporium.
 10487 | D:7      | Killed Crazy Yiuf
 10812 | D:6      | Killed Joseph
 10934 | D:8      | Noticed Psyche
 10935 | D:8      | Noticed a two-headed ogre
 10936 | D:8      | Killed Psyche
 10945 | D:7      | Reached ** piety under Kikubaaqudgha
 11092 | D:7      | Reached skill level 5 in Dodging
 11357 | D:7      | Killed a death yak
 11488 | D:8      | Killed Erica
 11954 | D:8      | Killed a death yak
 12135 | D:8      | Killed a two-headed ogre
 12426 | D:10     | Reached *** piety under Kikubaaqudgha
 12426 | D:10     | Received a gift from Kikubaaqudgha
 12430 | D:10     | Reached skill level 1 in Necromancy
 12430 | D:10     | Reached XP level 12. HP: 62/93 MP: 6/23
 12634 | D:10     | Found a basalt altar of Yredelemnul.
 12710 | D:10     | Learned a level 3 spell: Vampiric Draining
 12895 | D:10     | Noticed Nergalle
 12971 | D:10     | Identified the +8 spear of the Mauling Fox {holy, Str+3}
 13272 | D:10     | Found a staircase to the Orcish Mines.
 13349 | D:10     | Killed Nergalle
 13350 | D:10     | Reached skill level 5 in Necromancy
 13359 | D:10     | Learned a level 5 spell: Borgnjor's Vile Clutch
 13364 | D:10     | Learned a level 4 spell: Dispel Undead
 13881 | D:11     | Reached **** piety under Kikubaaqudgha
 13980 | D:11     | Noticed a two-headed ogre
 13986 | D:11     | Killed a two-headed ogre
 14481 | Orc:1    | Entered Level 1 of the Orcish Mines
 14488 | Orc:1    | Noticed a boulder beetle
 14517 | Orc:1    | Killed a boulder beetle
 14791 | Orc:1    | Found a runed translucent gate.
 14791 | Orc:1    | Found a runed translucent gate.
 14791 | Orc:1    | Found a runed translucent gate.
 14792 | Orc:1    | Noticed Destapler's ghost (journeyman MiBe)
 14814 | Orc:1    | You fall into a shaft and drop 1 floor!
 14814 | Orc:2    | Entered Level 2 of the Orcish Mines
 14934 | Orc:2    | Reached ***** piety under Kikubaaqudgha
 14943 | Orc:2    | Noticed an orc high priest
 14973 | Orc:2    | Killed an orc high priest
 15236 | Orc:2    | Found a staircase to the Elven Halls.
 15541 | Orc:1    | Reached XP level 13. HP: 95/98 MP: 10/24
 15758 | Orc:1    | Killed Destapler's ghost
 15814 | Orc:1    | Gained mutation: You are partially covered in iridescent
                  | scales. (AC +2) [potion of mutation]
 15814 | Orc:1    | Gained mutation: You have large cloven feet. [potion of
                  | mutation]
 15814 | Orc:1    | Gained mutation: You are strong-willed. (Will+) [potion of
                  | mutation]
 15879 | Orc:2    | Reached skill level 10 in Earth Magic
 16176 | Orc:2    | Reached skill level 10 in Necromancy
 16362 | Orc:2    | Reached ****** piety under Kikubaaqudgha
 16388 | Orc:1    | Received a gift from Kikubaaqudgha
 16389 | Orc:1    | Fell from the grace of Kikubaaqudgha
 16613 | D:4      | Became a worshipper of Gozag Ym Sagoz the Greedy
 16928 | Orc:2    | Found Itsor's General Store.
 16928 | Orc:2    | Found Somagoev's General Store.
 16931 | Orc:2    | Found Delosi's General Store.
 16931 | Orc:2    | Found Kurchuemm's Book Shop.
 16953 | Orc:2    | Bought a potion of resistance for 140 gold pieces
 17134 | D:12     | Noticed an eight-headed hydra
 17197 | D:12     | Noticed Nessos
 17390 | Lair:1   | Entered Level 1 of the Lair of Beasts
 18375 | Lair:2   | Noticed Amaemon
 18390 | Lair:2   | Killed Amaemon
 18391 | Lair:2   | Reached XP level 14. HP: 74/105 MP: 8/26
 18542 | Lair:2   | Found a staircase to the Snake Pit.
 18712 | Lair:2   | Found a staircase to the Shoals.
 19268 | D:8      | You fall into a shaft and drop 2 floors!
 19422 | D:12     | Killed Nessos
 20391 | Lair:3   | Reached skill level 10 in Fighting
 20394 | Lair:3   | Reached skill level 10 in Armour
 20789 | Lair:3   | Reached XP level 15. HP: 107/116 MP: 9/28
 21465 | Lair:4   | Found a staircase to the Slime Pits.
 22042 | Lair:5   | Entered Level 5 of the Lair of Beasts
 22166 | Lair:4   | Reached skill level 10 in Spellcasting
 22324 | Lair:4   | Killed by the malice of Kikubaaqudgha

Illustrated notes

Levels and vault maps discovered:
D:1:      minmay_arrival_semitransparent, layout_basic
D:2:      minmay_spotlight, layout_loops_ring, uniq_robin
D:3:      layout_loops_corners, nicolae_vehumet_altar_sigil,
          shapermc_ecumenical_altar_starsandcircs, kennysheep_generic_room_15
D:4:      layout_loops_ring, kennysheep_mini, nemelex_dance_club_becter,
          zin_statuary, chequers_temple_overflow_statue_of_worship,
          minmay_temple_entry_statues_pillars, serial_forest,
          infiniplex_forest_diagonal, infiniplex_forest_clump_double,
          infiniplex_forest_clump_small, infiniplex_forest_lined_room_,
          infiniplex_forest_3_way, infiniplex_forest_lined_2,
          infiniplex_forest_end_3
D:5:      layout_rooms, mainiacjoe_overflow_alcove_1, kennysheep_mini_moat,
          mainiacjoe_overflow_chevrons, serial_corexii_hall,
          corexii_hall_statues_deadend, corexii_hall_statues_l
D:6:      layout_loops_cross, mainiacjoe_overflow_concentric_impassable,
          serial_shops, shop_fountains, chequers_serial_rivers_room_a,
          guppyfry_shop_venom
D:7:      layout_gridville, serial_shops, shop, lightli_minifort, uniq_menkaure,
          uniq_crazy_yiuf_cottage, uniq_joseph
D:8:      layout_rooms, dpeg_lair_monsters, grunt_potential, uniq_erica,
          uniq_psyche
D:9:      layout_basic, mainiacjoe_overflow_boulevard, kiku_gazebo_pond_becter,
          okawaru_trees_2, kennysheep_doodads
D:10:     layout_long_grid, mainiacjoe_overflow_six_doors_small, erik_orc_1,
          uniq_nergalle
D:11:     layout_loops_cross, hangedman_abyss_or_decor_clamps
D:12:     minmay_stepped, layout_rooms, uniq_nessos
Temple:   corrupted_temple
Lair:1:   layout_concentric_octagons, beast_lair_carwin_1, grunt_megastairs_5,
          infiniplex_staircase_pool_2
Lair:2:   layout_gridlike, elwin_shoals_entry_stream,
          minmay_snake_entry_guardpost_small, grunt_megastairs_1,
          infiniplex_staircase_pool, uniq_amaemon
Lair:3:   layout_chaotic_city, grunt_forest_large_clearings
Lair:4:   layout_hall_layers, slime_entry_1, nicolae_lair_lindhole
Lair:5:   gammafunk_lair_ancient_temple, layout_misc_corridors,
          maelrawn_ghost_gauntlet_escape, serial_bayou_pond_b,
          chequers_serial_rivers_large_b, serial_bayou_pond_b, uniq_snorg
Orc:1:    layout_diamond_mine, gammafunk_ghost_necromancy, rock_pile
Orc:2:    grunt_orc_tribal_feast, layout_caves

Skill      XL: |  1  2  3  4  5  6  7  8  9 10 11 12 13 14 15 |
---------------+----------------------------------------------+-----
Dodging        | 2 3 4 6 8 |  8.6
Fighting       | 1 2 3 5 6 8 10 | 10.9
Armour         | 1 2 3 5 6 8 10 | 10.9
Conjurations   | 4 5 6 |  6.0
Spellcasting   | 3 4 5 6 7 8 9 10 | 10.0
Earth Magic    | 3 5 8 9 12 | 12.0
Shields        | 6 9 |  9.0
Necromancy     | 1 8 10 11 12 | 12.0
Stealth        | |  2.4

Action                   |  1- 3 |  4- 6 |  7- 9 | 10-12 | 13-15 || total
-------------------------+-------+-------+-------+-------+-------++-------
Melee: Staff             |       |     7 |    21 |     9 |       ||    37
       Flail             |       |       |       |   145 |       ||   145
       Spear             |       |       |       |   151 |   469 ||   620
 Fire: Sling             |    37 |    96 |    18 |       |       ||   151
       Shortbow          |       |       |    21 |    19 |       ||    40
       Arbalest          |       |       |       |    39 |    10 ||    49
       Longbow           |       |       |       |       |    10 ||    10
 Cast: Magic Dart        |    22 |    15 |    16 |    15 |       ||    68
       Searing Ray       |     4 |    30 |    59 |    25 |       ||   118
       Stone Arrow       |       |       |     7 |   146 |    27 ||   180
       Borgnjor's Vile C |       |       |       |    29 |   154 ||   183
       Sublimation of Bl |       |       |       |     3 |    61 ||    64
       Dispel Undead     |       |       |       |     1 |     5 ||     6
       Vampiric Draining |       |       |       |       |     8 ||     8
Invok: Receive Forbidden |       |       |       |       |     1 ||     1
       Renounce Religion |       |       |       |       |     1 ||     1
 Abil: Shaft Self        |       |       |     3 |       |     1 ||     4
       Dig               |       |       |       |     6 |     3 ||     9
  Use: Scroll            |       |       |     5 |     3 |     7 ||    15
       Potion            |       |       |       |       |     4 ||     4
 Stab: Distracted        |       |       |       |     1 |     5 ||     6
Armor: Robe              |     2 |    20 |    21 |    61 |       ||   104
       Steam dragon scal |       |       |       |    38 |       ||    38
       Troll leather arm |       |       |       |       |   156 ||   156
Dodge: Dodged            |     7 |    31 |    74 |   216 |   337 ||   665
Block: Kite shield       |       |       |    11 |   270 |   358 ||   639
